 Dungeon Sprint DCSS version 0.29.1-1-gd02db6906a (webtiles) character file.

Game seed: 18224320848354960197

13344 CougarLife the Slayer (level 11, -25/129 HPs)
             Began as a Minotaur Fighter on Sept 19, 2022.
             Was a High Priest of Okawaru.
             Annihilated by an orc knight
             ... wielding a +0 great sword
              (33 damage)
             ... in the Dungeon (Sprint IX: "|||||||||||||||||||||||||||||").
             The game lasted 00:07:24 (2613 turns).

CougarLife the Slayer (Minotaur Fighter)            Turns: 2613, Time: 00:07:25

Health: -25/129    AC: 11    Str: 27    XL:     11   Next: 74%
Magic:  15/21      EV: 11    Int:  7    God:    Okawaru [*****.]
Gold:   813        SH:  5    Dex:  9    Spells: 10/10 levels left

rFire   . . .      SeeInvis .   l - +4 broad axe (freeze)
rCold   . . .      Faith    .   c - +0 buckler
rNeg    . . .      Spirit   .   b - +0 scale mail
rPois   .          Reflect  .   (helmet restricted)
rElec   .          Harm     .   n - +0 cloak
rCorr   .          Rampage  .   m - +0 pair of gloves
Will    .....      NoTele   +   (no boots)
Stlth   +.........              (no amulet)
HPRegen 0.31/turn               p - +3 ring of strength
MPRegen 0.17/turn               (no ring)

@: mighty, heroic, finesse-ful
A: horns 2, retaliatory headbutt
a: Renounce Religion, Heroism, Finesse


You were in the Dungeon.
You worshipped Okawaru.
Okawaru was extremely pleased with you.
You visited 1 branch You collected 813 gold pieces.

Inventory:

Hand Weapons
 l - a +4 broad axe of freezing (weapon)
 w - a +3 vorpal sling
Missiles
 u - 4 poisoned darts (quivered)
Armour
 b - a +0 scale mail (worn)
 c - a +0 buckler (worn)
 m - a +0 pair of gloves (worn)
 n - a +0 cloak (worn)
 x - a +0 ring mail of fire resistance
Jewellery
 o - a +3 ring of intelligence
 p - a +3 ring of strength (left hand)
 q - the ring "Ucuikk" {rF++ rN++ Will- Dex+6}
   (You found it in the Dungeon)

   [ring of dexterity]

   Dex:       It affects your dexterity (+6).
   rF:        It greatly protects you from fire.
   rN:        It greatly protects you from negative energy.
   Will:      It decreases your willpower.
Wands
 k - a wand of iceblast (10)
Scrolls
 i - 2 scrolls of amnesia
 j - 3 scrolls of blinking
 r - 2 scrolls of enchant armour
 t - a scroll of fear
Potions
 d - 2 potions of brilliance
 f - a potion of haste
 h - 4 potions of magic
 v - a potion of mutation


   Skills:
 + Level 22.1(27) Fighting
 * Level 10.5(20.7) Axes
 - Level 18.6(24.6) Maces & Flails
 - Level 3.6(8.6) Armour
 - Level 3.6(8.6) Shields
 + Level 14.8 Invocations


You had 10 spell levels left.
You didn't know any spells.
Your spell library was empty.

Dungeon Overview and Level Annotations

Branches:
Dungeon (1/1)

Altars:
Cheibriados
Dithmenos
Elyvilon
Fedhas
Gozag
Hepliaklqana
Kikubaaqudgha
Makhleb
Nemelex Xobeh
Okawaru
Qazlal
Ru
Sif Muna
Trog
Uskayaw
Vehumet
Wu Jian
Xom
Yredelemnul
Zin
The Shining One
Jiyva
Lugonu

Shops:
D =(


Innate Abilities, Weirdness & Mutations

You have a pair of horns on your head.
You reflexively headbutt those who attack you in melee.


Message History

You hit the orc warrior. You freeze the orc warrior.
The orc warrior is almost dead.
You slash the orc warrior! You freeze the orc warrior.
You kill the orc warrior!
Okawaru accepts your kill.
Your base Axes skill increases to level 10!
The orc knight hits you with a +2 bardiche!!
Items here: $ )) [.
You hit the orc knight but do no damage.
You block the orc knight's attack.
You feel very mighty all of a sudden.
The orc knight hits you with a +2 bardiche!!!
* * * LOW HITPOINT WARNING * * *
You slice the orc knight like a ripe choko!!!
You freeze the orc knight!
The orc knight is severely wounded.
You closely miss the orc knight. You headbutt the orc knight.
The orc knight is almost dead.
You hit the orc knight but do no damage.
Your headbutt misses the orc knight.
The orc knight is almost dead.
An orc warrior comes into view. It is wielding a +0 dire flail.
The orc knight barely misses you. You furiously retaliate!
You headbutt the orc knight! You slash the orc knight!
You freeze the orc knight.
You kill the orc knight!
Okawaru accepts your kill.
You feel better.
You barely miss the orc knight.
You headbutt the orc knight, but do no damage.
You barely miss the orc knight. Your headbutt misses the orc knight.
The orc knight hits you with a +0 great sword!
* * * LOW HITPOINT WARNING * * *
An orc knight comes into view. It is wielding a +0 war axe.
You closely miss the orc knight. You headbutt the orc knight.
The orc knight is lightly wounded.
You hit the orc knight. You freeze the orc knight.
The orc knight is lightly wounded.
The orc knight hits you with a +0 great sword!!
You die...

▓▓▓▓▓▓▓▓▓▓▓▓▓▓▓▓▓▓▓▓▓▓▓▓
.)))))).......))@oo$∩o∩o
▓▓▓▓▓▓▓▓▓▓▓▓▓▓▓▓▓▓▓▓▓▓▓▓▓▓▓▓▓▓▓▓▓
...............).................
▓▓▓▓▓▓▓▓▓▓▓▓▓▓▓▓▓▓▓▓▓▓▓▓▓▓▓▓▓▓▓▓▓
.....'.........††..÷....[).)'..[[
▓▓▓▓▓▓▓▓▓▓▓▓▓▓▓▓▓▓▓▓▓▓▓▓▓▓▓▓▓▓▓▓▓
.................................
▓▓▓▓▓▓▓▓▓▓▓▓▓▓▓▓▓▓▓▓▓▓▓▓▓▓▓▓▓▓▓▓▓
_______________'..)...[..)).....)


You could see 2 orc knights and 2 orc warriors.

Vanquished Creatures
  An ettin (D)
  Erolcha (D)
  A catoblepas (D)
  2 hydras (D)
  A centaur warrior (D)
  A two-headed ogre (D)
  2 death yaks (D)
  4 orc knights (D)
  A lindwurm (D)
  A harpy (shapeshifter) (D)
  A black mamba (D)
  2 komodo dragons (D)
  A tengu conjurer (D)
  A meliai (D)
  A wyvern (D)
  A basilisk (D)
  9 yaks (D)
  Eustachio (D)
  2 vampire mosquitoes (D)
  5 water moccasins (D)
  13 orc warriors (D)
  A centaur (D)
  A kobold brigand (D)
  2 bullfrogs (D)
  A necrophage (D)
  A wight (D)
  A hound (D)
  4 orc priests (D)
  6 orc wizards (D)
  4 orcs (D)
  2 endoplasms (D)
  A quokka (D)
  A ball python (D)
  2 rats (D)
79 creatures vanquished.

Notes
Turn   | Place    | Note
-------+----------+-------------------------------------------
     0 | D        | CougarLife the Minotaur Fighter began the quest for the
                  | Orb.
     0 | D        | Reached XP level 1. HP: 19/19 MP: 0/0
    31 | D        | Noticed a necrophage
    31 | D        | Noticed an orc wizard
    31 | D        | Noticed a hound
    35 | D        | Reached skill level 5 in Maces & Flails
    38 | D        | Killed a necrophage
    39 | D        | Reached XP level 2. HP: 26/26 MP: 1/1
    39 | D        | Reached XP level 3. HP: 31/31 MP: 2/2
    47 | D        | Reached skill level 10 in Maces & Flails
    47 | D        | Reached XP level 4. HP: 38/39 MP: 3/3
    94 | D        | Found a snail-covered altar of Cheibriados.
    94 | D        | Found a shadowy altar of Dithmenos.
    94 | D        | Found a white marble altar of Elyvilon.
    94 | D        | Found a blossoming altar of Fedhas.
    94 | D        | Found an opulent altar of Gozag.
   142 | D        | Found a hazy altar of Hepliaklqana.
   143 | D        | Found a viscous altar of Jiyva.
   144 | D        | Found an ancient bone altar of Kikubaaqudgha.
   145 | D        | Found a corrupted altar of Lugonu.
   146 | D        | Found a burning altar of Makhleb.
   147 | D        | Found a sparkling altar of Nemelex Xobeh.
   148 | D        | Found an iron altar of Okawaru.
   149 | D        | Found a stormy altar of Qazlal.
   150 | D        | Found a sacrificial altar of Ru.
   151 | D        | Found a shimmering blue altar of Sif Muna.
   152 | D        | Found a bloodstained altar of Trog.
   153 | D        | Found a hide-covered altar of Uskayaw.
   154 | D        | Found a radiant altar of Vehumet.
   155 | D        | Found an ornate altar of the Wu Jian Council.
   156 | D        | Found a shimmering altar of Xom.
   158 | D        | Became a worshipper of Warmaster Okawaru
   160 | D        | Found a basalt altar of Yredelemnul.
   161 | D        | Found a glowing silver altar of Zin.
   162 | D        | Found a glowing golden altar of the Shining One.
   232 | D        | Noticed a two-headed ogre
   232 | D        | Noticed a kobold brigand
   232 | D        | Noticed a centaur
   232 | D        | Noticed a vampire mosquito
   241 | D        | Killed a two-headed ogre
   241 | D        | Reached * piety under Okawaru
   242 | D        | Reached XP level 5. HP: 33/45 MP: 3/12
   242 | D        | Reached XP level 6. HP: 37/51 MP: 3/14
   242 | D        | Reached XP level 7. HP: 41/57 MP: 3/15
   246 | D        | Reached skill level 4 in Fighting
   251 | D        | Reached skill level 5 in Fighting
   254 | D        | Reached ** piety under Okawaru
   257 | D        | Reached skill level 6 in Fighting
   261 | D        | Killed a vampire mosquito
   262 | D        | Reached skill level 7 in Fighting
   393 | D        | Noticed a harpy
   393 | D        | Noticed a centaur warrior
   393 | D        | Noticed a tengu conjurer
   393 | D        | Noticed a meliai
   393 | D        | Noticed a four-headed hydra
   393 | D        | Noticed a vampire mosquito
   397 | D        | Killed a harpy
   397 | D        | Reached *** piety under Okawaru
   398 | D        | Reached skill level 10 in Fighting
   398 | D        | Reached XP level 8. HP: 62/79 MP: 13/16
   403 | D        | Killed a centaur warrior
   404 | D        | Reached skill level 12 in Fighting
   410 | D        | Killed a four-headed hydra
   410 | D        | Reached **** piety under Okawaru
   410 | D        | Reached ***** piety under Okawaru
   411 | D        | Reached skill level 14 in Fighting
   411 | D        | Reached skill level 15 in Maces & Flails
   411 | D        | Reached XP level 9. HP: 31/96 MP: 14/17
   415 | D        | Killed a meliai
   416 | D        | Reached skill level 15 in Fighting
   426 | D        | Killed a tengu conjurer
   783 | D        | Got the ring "Ucuikk" {rF++ rN++ Will- Dex+6}
   824 | D        | Noticed a komodo dragon
   825 | D        | Noticed a five-headed hydra
   837 | D        | Received a gift from Okawaru
   838 | D        | Reached skill level 16 in Fighting
   845 | D        | Killed a komodo dragon
   849 | D        | Killed a five-headed hydra
   850 | D        | Reached skill level 17 in Fighting
   850 | D        | Reached XP level 10. HP: 74/111 MP: 18/18
   866 | D        | Reached skill level 18 in Fighting
  1088 | D        | Noticed a black mamba
  1100 | D        | Killed a black mamba
  1104 | D        | Received a gift from Okawaru
  1109 | D        | Reached skill level 19 in Fighting
  1125 | D        | Noticed a lindwurm
  1135 | D        | Killed a lindwurm
  1565 | D        | Noticed a catoblepas
  1565 | D        | Noticed a death yak
  1565 | D        | Noticed a death yak
  1595 | D        | Reached skill level 20 in Fighting
  1602 | D        | Killed a catoblepas
  1613 | D        | Killed a death yak
  1614 | D        | Reached XP level 11. HP: 36/126 MP: 11/19
  1622 | D        | Killed a death yak
  1623 | D        | Reached skill level 21 in Fighting
  1934 | D        | Noticed Eustachio
  1939 | D        | Killed Eustachio
  1940 | D        | Reached skill level 1 in Axes
  1968 | D        | Noticed Erolcha
  1977 | D        | Killed Erolcha
  2097 | D        | Noticed an ettin
  2109 | D        | Killed an ettin
  2289 | D        | Noticed an orc knight
  2297 | D        | Killed an orc knight
  2585 | D        | Found Wecveod's Jewellery Emporium.
  2585 | D        | Noticed an orc knight
  2585 | D        | Noticed an orc knight
  2585 | D        | Noticed an orc knight
  2589 | D        | Noticed an orc knight
  2592 | D        | Killed an orc knight
  2596 | D        | Killed an orc knight
  2597 | D        | Reached skill level 22 in Fighting
  2597 | D        | Found Ryrcheda's Antique Weapon Shoppe.
  2602 | D        | Reached skill level 10 in Axes
  2604 | D        | HP: 5/129 [orc knight/+2 bardiche (41)]
  2608 | D        | Killed an orc knight
  2611 | D        | Noticed an orc knight
  2613 | D        | Annihilated by an orc knight

Illustrated notes

Levels and vault maps discovered:
D:        linesprint [early_d, line_temple, items_1, d_10, items_2, lair_1,
          lair_end, items_3, orc_1, orc_end, items_4, d_15, swamp_1, shoals_1,
          snake_1, spider_1, d_20, vaults_1, items_5, swamp_end, shoals_end,
          snake_end, spider_end, vaults_end, d_27, items_6, zot_1, zot_end,
          crypt_end, forest_end, elf_end, slime_end, tomb_end, abyss_end,
          pan_hell_end]

Skill      XL: |  1  2  3  4  5  6  7  8  9 10 11 |
---------------+----------------------------------+-----
Maces & Flails | 9 10 11 13 15 16 18 | 18.6
Invocations    | 12 13 14 | 14.8
Fighting       | 10 14 17 20 22 | 22.1
Axes           | 10 | 10.5
Armour         | |  3.6
Shields        | |  3.6

Action                   |  1- 3 |  4- 6 |  7- 9 | 10-12 || total
-------------------------+-------+-------+-------+-------++-------
Melee: Flail             |    21 |     9 |    70 |    86 ||   186
       Headbutt          |     2 |     1 |    12 |    45 ||    60
       Broad axe         |       |       |       |    81 ||    81
 Fire: Sling             |       |       |       |     3 ||     3
Throw: Dart              |       |       |       |     3 ||     3
Invok: Heroism           |       |       |     3 |     8 ||    11
       Finesse           |       |       |       |     3 ||     3
  Use: Potion            |     2 |     4 |     4 |     6 ||    16
       Scroll            |       |       |       |     3 ||     3
 Stab: Invisible         |       |     3 |     5 |       ||     8
       Petrified         |       |       |       |     4 ||     4
Armor: Scale mail        |     3 |     2 |    31 |    19 ||    55
Dodge: Dodged            |     2 |     3 |    27 |    26 ||    58
Block: Buckler           |     7 |       |    16 |    21 ||    44
